 Dungeon Crawl Stone Soup version 0.30-a0-639-g3916f1956a (webtiles) character file.

Game seed: 12464058102698507002

3202 mandoloar the Grappler (level 9, -12/74 HPs)
             Began as a Ghoul Warper on Jan 16, 2023.
             Was a Follower of Okawaru.
             Killed from afar by a steam dragon (24 damage)
             ... with a ball of steam
             ... on level 8 of the Dungeon.
             The game lasted 00:17:30 (7824 turns).

mandoloar the Grappler (Ghoul Warper)               Turns: 7824, Time: 00:17:30

Health: -12/74     AC:  5    Str: 19    XL:     9   Next: 96%
Magic:  10/10      EV: 21    Int:  8    God:    Okawaru [*.....]
Gold:   379        SH:  0    Dex:  8    Spells: 9/11 levels left

rFire   . . .      SeeInvis .      - Unarmed
rCold   + . .      Faith    .    (no shield)
rNeg    + + +      Spirit   .    E - +2 robe {Will+}
rPois   ∞          Reflect  .    (no helmet)
rElec   .          Harm     .    w - +0 cloak
rCorr   .          Rampage  .    (no gloves)
Will    +....                    (no boots)
Stlth   +                        s - amulet of the acrobat
HPRegen 0.00/turn                e - +5 ring of evasion
MPRegen 0.12/turn                r - +5 ring of evasion

@: inhibited regen, hasted, very quick
A: claws 1, cold resistance 1, negative energy resistance 3, inhibited
regeneration, torment resistance 2, devour on kill
a: Renounce Religion, Heroism


You were on level 8 of the Dungeon.
You worshipped Okawaru.
Okawaru was aware of your devotion.
You visited 2 branches of the dungeon, and saw 9 of its levels.

You collected 379 gold pieces.

Inventory:

Missiles
 c - 7 boomerangs of dispersal
 g - 56 stones (quivered)
 y - 3 boomerangs
Armour
 w - a +0 cloak (worn)
 E - a +2 robe of willpower (worn)
Jewellery
 a - an amulet of magic regeneration
 e - a +5 ring of evasion (left claw)
 r - a +5 ring of evasion (right claw)
 s - an amulet of the acrobat (around neck)
 B - an amulet of reflection
Wands
 o - a wand of iceblast (7)
 p - a wand of quicksilver (18)
 u - a wand of flame (34)
Scrolls
 b - a scroll of blinking
 f - 3 scrolls of identify
 j - a scroll of teleportation
 v - a scroll of fear
 z - a scroll of enchant armour {unknown}
 D - a scroll of magic mapping {unknown}
 F - a scroll of amnesia
Potions
 d - a potion of might {unknown}
 h - 2 potions of curing {unknown}
 k - 3 potions of heal wounds {unknown}
 l - 4 potions of berserk rage {unknown}
 m - a potion of lignification {unknown}
 n - 2 potions of flight {unknown}
 q - a potion of brilliance {unknown}
 t - a potion of invisibility {unknown}
 x - a potion of attraction {unknown}
 A - a potion of degeneration {unknown}
 C - a potion of mutation {unknown}


   Skills:
 - Level 5.0 Fighting
 - Level 0.8 Throwing
 - Level 0.8 Armour
 - Level 1.7 Dodging
 + Level 14.1 Unarmed Combat
 - Level 1.7 Spellcasting
 - Level 2.6 Translocations


You had 9 spell levels left.
You knew the following spells:

 Your Spells              Type           Power      Damage    Failure   Level
a - Blink                 Tloc           10%        N/A       19%         2

Your spell library contained the following spells:

 Spells                   Type           Power      Damage    Failure   Level
 Apportation              Tloc           10%        N/A       12%         1
 Lesser Beckoning         Tloc           10%        N/A       19%         2
 Sandblast                Erth           0%         2d4       36%         1
 Teleport Other           Tloc           5%         N/A       36%         3
 Cigotuvi's Dreadful Rot  Necr/Pois/Air  0%         N/A       50%         2
 Passwall                 Tmut/Erth      0%         N/A       50%         2
 Poisonous Vapours        Pois/Air       0%         N/A       50%         2
 Vhi's Electric Charge    Tloc/Air       4%         N/A       54%         3
 Dazzling Flash           Conj/Hex       0%         N/A       73%         3
 Ignite Poison            Fire/Tmut/Pois 0%         N/A       73%         3
 Mephitic Cloud           Conj/Pois/Air  0%         N/A       73%         3
 Stone Arrow              Conj/Erth      0%         3d7       73%         3
 Manifold Assault         Tloc           5%         N/A       77%         4
 Sticky Flame             Conj/Fire      0%         2d3       98%         4
 Agony                    Necr           0%         N/A       100%        5
 Alistair's Intoxication  Tmut/Pois      0%         N/A       100%        5
 Borgnjor's Vile Clutch   Necr/Erth      0%         N/A       100%        5
 Silence                  Hex/Air        0%         N/A       100%        5
 Eringya's Noxious Bog    Tmut/Pois      0%         N/A       100%        6
 Ignition                 Fire           0%         3d3       100%        8
 Summon Small Mammal      Summ           Unusable   N/A       N/A         1
 Call Canine Familiar     Summ           Unusable   N/A       N/A         3
 Summon Guardian Golem    Hex/Summ       Unusable   N/A       N/A         3

Dungeon Overview and Level Annotations

Branches:
Dungeon (8/15)             Temple (1/1) D:7
   Lair: D:8-11

Altars:
Ashenzari
Cheibriados
Fedhas
Gozag
Kikubaaqudgha
Makhleb
Okawaru
Qazlal
Ru
Sif Muna
Trog
Uskayaw
Wu Jian
Xom
Yredelemnul
Lugonu


Innate Abilities, Weirdness & Mutations

You are immune to poison.
You have sharp fingernails.
Your flesh is cold resistant. (rC+)
You are immune to negative energy. (rN+++)
You do not regenerate when monsters are visible.
You are immune to unholy pain and torment.
You thrive by killing the living.


Message History

The orc attacks as you move away! The orc completely misses you.
You mangle the orc!!
You kill the orc!
The electric eel shoots out a bolt of lightning at you!
The bolt of electricity hits you!
Items here: ( ) [ †.
You throw a stone.
The stone hits the electric eel but does no damage.
The electric eel shoots out a bolt of lightning at you!
The bolt of electricity misses you.
An electric eel comes into view.
The electric eel shoots out a bolt of lightning at you!
The bolt of electricity misses you.
Items here: ( ) [ †.
The electric eel shoots out a bolt of lightning at you!
The bolt of electricity hits you!
A steam dragon comes into view.
The wolf howls!
The steam dragon hisses angrily.
You hear a bellow!
The electric eel shoots out a bolt of lightning at you!
The bolt of electricity hits you! x2
Why would you want to do that? The steam dragon breathes steam at you.
The ball of steam misses you.
You hear a bark! x2
The steam dragon breathes steam at you. The ball of steam hits you!
You hear a bark! x2; You hear a shout!
You are engulfed in a cloud of scalding steam.
* * * LOW HITPOINT WARNING * * *
You feel yourself speed up.
You scratch the steam dragon but do no damage.
The steam dragon barely misses you. The steam dragon claws you.
* * * LOW HITPOINT WARNING * * *
You claw the steam dragon!
The steam dragon is moderately wounded.
You scratch the steam dragon.
The steam dragon is moderately wounded.
The steam dragon breathes steam at you. The ball of steam hits you!!
You die...

............####.........§~≈≈~
...........#######.####..≈≈≈~~
..........##.......####.≈§≈~..
.............########..≈~~≈≈~.
............## #...#≈≈≈≈≈..
..........#.#######.###≈≈≈≈≈..
####...........#..§.# ≈≈≈≈~~.
.[...####.#.#D#### #≈≈≈≈~.~
....## #....@#####.SS≈≈≈≈≈ ...
###..)......~..~≈≈≈ ..
#.......##.~.~≈h~ #.##..<##
#.##)).# ..##....#
............. ([.....###.....
...##...# .###.


You could see a steam dragon (catching breath).

Vanquished Creatures
  A troll (D:6)
  A steam dragon (D:6)
  A water moccasin (D:8)
  An orc warrior (D:8)
  3 sky beasts
  An ogre (D:6)
  2 ice beasts (D:6)
  3 black bears
  A centaur (D:8)
  3 phantoms
  3 bullfrogs
  A necrophage (D:7)
  2 scorpions
  9 wights
  2 hounds
  3 jellies
  6 orc priests
  2 iguanas (D:5)
  7 orc wizards
  3 gnolls (D:4)
  6 adders
  A shadow imp (D:7)
  2 white imps (D:7)
  An ufetubus (D:7)
  A worm (D:5)
  2 dart slugs (D:4)
  24 orcs
  6 bats
  6 endoplasms
  4 giant cockroaches
  A goblin (D:1)
  7 hobgoblins
  2 jackals (D:2)
  3 quokkas
  3 ball pythons
  3 frilled lizards (D:1)
  5 kobolds
  13 rats
  A spectral orc (D:5)
146 creatures vanquished.

Vanquished Creatures (others)
  An orc (D:7)
  An endoplasm (D:3)
2 creatures vanquished.

Grand Total: 148 creatures vanquished

Notes
Turn   | Place    | Note
-------+----------+-------------------------------------------
     0 | D:1      | mandoloar the Ghoul Warper began the quest for the Orb.
     0 | D:1      | Reached XP level 1. HP: 17/17 MP: 2/2
   130 | D:1      | Found a faded altar of an unknown god.
   151 | D:1      | Reached XP level 2. HP: 17/24 MP: 3/3
   154 | D:1      | Reached skill level 3 in Unarmed Combat
   900 | D:1      | Reached XP level 3. HP: 29/29 MP: 4/4
  1321 | D:2      | Reached skill level 4 in Unarmed Combat
  1784 | D:2      | Reached XP level 4. HP: 36/36 MP: 5/5
  2192 | D:3      | Reached skill level 5 in Unarmed Combat
  2393 | D:3      | Reached XP level 5. HP: 26/41 MP: 6/6
  2618 | D:3      | Found an ornate altar of the Wu Jian Council.
  2633 | D:3      | Found an ancient bone altar of Kikubaaqudgha.
  2842 | D:3      | Learned a level 2 spell: Blink
  2975 | D:4      | Reached skill level 6 in Unarmed Combat
  3066 | D:4      | Noticed a phantom
  3117 | D:4      | Killed a phantom
  3118 | D:4      | Reached XP level 6. HP: 6/51 MP: 7/7
  3490 | D:4      | Found a broken altar of Ashenzari.
  3491 | D:4      | Found a shimmering blue altar of Sif Muna.
  3947 | D:4      | Noticed a black bear
  3967 | D:4      | Killed a black bear
  4132 | D:4      | Found a stormy altar of Qazlal.
  4134 | D:4      | Noticed an air elemental
  4135 | D:4      | Noticed a water elemental
  4135 | D:4      | Noticed a fire elemental
  4156 | D:4      | Reached skill level 7 in Unarmed Combat
  4299 | D:5      | Entered Level 5 of the Dungeon
  4310 | D:5      | Found a snail-covered altar of Cheibriados.
  4333 | D:5      | Reached XP level 7. HP: 60/60 MP: 8/8
  4409 | D:5      | Found a basalt altar of Yredelemnul.
  4454 | D:5      | Found an ancient bone altar of Kikubaaqudgha.
  4754 | D:5      | Reached skill level 5 in Fighting
  4933 | D:5      | Reached skill level 8 in Unarmed Combat
  5152 | D:6      | Found an opulent altar of Gozag.
  5251 | D:6      | Reached skill level 9 in Unarmed Combat
  5251 | D:6      | Reached XP level 8. HP: 68/68 MP: 9/9
  5453 | D:6      | Noticed a troll
  5484 | D:6      | Killed a troll
  5485 | D:6      | Reached skill level 10 in Unarmed Combat
  5644 | D:6      | Reached skill level 11 in Unarmed Combat
  5884 | D:6      | Reached XP level 9. HP: 74/74 MP: 10/10
  5898 | D:7      | Found a staircase to the Ecumenical Temple.
  6235 | D:7      | Reached skill level 12 in Unarmed Combat
  6404 | Temple   | Entered the Ecumenical Temple
  6419 | Temple   | Became a worshipper of Warmaster Okawaru
  6839 | D:7      | Reached skill level 13 in Unarmed Combat
  7180 | D:7      | Found a shimmering altar of Xom.
  7181 | D:7      | Found a shimmering altar of Xom.
  7181 | D:7      | Found a shimmering altar of Xom.
  7269 | D:7      | Reached * piety under Okawaru
  7497 | D:7      | Noticed an entropy weaver
  7720 | D:8      | Reached skill level 14 in Unarmed Combat
  7824 | D:8      | Killed from afar by a steam dragon

Illustrated notes

Levels and vault maps discovered:
D:1:      onia_arrival_mini_maze, layout_basic,
          hellmonk_ecumenical_altar_pennies_from_heaven
D:2:      layout_basic, grunt_ministairs_2
D:3:      layout_basic, overflow_temple_1_default, mainiacjoe_overflow_alcove_2,
          nicolae_kikubaaqudgha_miasma_corner, kennysheep_cross_bottleneck,
          minmay_tree_intersection, uniq_jessica
D:4:      layout_loops_ring, nicolae_qazlal_style_of_elements,
          chequers_temple_overflow_statue_of_worship, gup_sewer_entry_bowl
D:5:      layout_gridville, yredelemnul_forgotten_temple_becter,
          serial_bayou_ford_a, hangedman_feature_mirror
D:6:      layout_rooms, nicolae_gozag_cash_rules_everything_around_me,
          minmay_misc_feat_alley, chequers_garden
D:7:      layout_rooms, xom_shifter_show, minmay_temple_entry_trees
D:8:      layout_rooms, erik_lair_island
Temple:   corrupted_temple

Skill      XL: |  1  2  3  4  5  6  7  8  9 |
---------------+----------------------------+-----
Unarmed Combat | 3 4 5 6 7 9 11 14 | 14.1
Fighting       | 3 4 5 |  5.0
Throwing       | |  0.8
Armour         | |  0.8
Dodging        | |  1.7
Spellcasting   | |  1.7
Translocations | |  2.6

Action                   |  1- 3 |  4- 6 |  7- 9 || total
-------------------------+-------+-------+-------++-------
Melee: Unarmed           |   133 |   159 |   294 ||   586
       Punch             |     2 |     2 |    21 ||    25
Throw: Boomerang         |     1 |       |       ||     1
       Stone             |     1 |     7 |    24 ||    32
  Use: Scroll            |       |     6 |     2 ||     8
       Potion            |       |       |     2 ||     2
Armor: Leather armour    |    40 |    20 |    21 ||    81
       Robe              |       |       |    14 ||    14
Dodge: Dodged            |   132 |   111 |   249 ||   492

Table legend: (Time is in decaauts)
 A = Elapsed time spent in this place.
 B = Non-inter-level travel time spent in this place.
 C = Inter-level travel time spent in this place.
 D = Time resting spent in this place.
 E = Time spent auto-exploring this place.
 F = Levels seen in this place.
 G = Mean time per level.
                   A        B        C        D        E       F      G
               +--------+--------+--------+--------+--------+-----+--------+
         Total |   7750 |   7399 |    351 |   1655 |   4132 |   9 |  861.1 |
       Dungeon |   7707 |   7368 |    339 |   1655 |   4114 |   8 |  963.4 |
        Temple |     43 |     31 |     12 |      0 |     18 |   1 |   43.0 |
               +--------+--------+--------+--------+--------+-----+--------+

Top non-repeatable levels by time:
     D:7: 1171 daAuts
     D:6: 1146 daAuts
     D:4: 1132 daAuts
     D:1: 1109 daAuts
     D:2: 1045 daAuts
     D:3: 1006 daAuts
     D:5: 849 daAuts
     D:8: 245 daAuts
  Temple: 43 daAuts
